 Dungeon Crawl Stone Soup version 0.20.0-8-g6b59dc7 (webtiles) character file.

5566 stringdemon the Transmogrifier (level 10, 0/49 HPs)
             Began as a Vine Stalker Transmuter on May 30, 2017.
             Was a Believer of Vehumet.
             Succumbed to a black mamba's poison
             ... on level 2 of the Lair of Beasts.
             The game lasted 00:36:41 (7513 turns).

stringdemon the Transmogrifier (VSTm)               Turns: 7513, Time: 00:36:42

Health: 0/49       AC: 13    Str: 11 (14) XL:     10   Next: 72%
Magic:  14/14      EV: 13    Int: 26 (27) God:    Vehumet [**....]
Gold:   581        SH:  0    Dex: 13 (14) Spells: 2/14 levels left

rFire    . . .     SeeInvis .     - Unarmed
rCold    . . .     Gourm    .   (no shield)
rNeg     + . .     Faith    .   G - +2 robe {MR+}
rPois    +         Spirit   +   y - +1 helmet of Noughts and Crosses {rElec Int+6 Stlth-}
rElec    +         Reflect  .   r - scarf {repulsion}
rCorr    .         Harm     .   k - +2 pair of gloves
MR       ++...                  p - +2 pair of boots
Stlth    ..........             H - amulet "Itzerouso" {Spirit rPois Int+5 Stlth-}
Regen    0.6/turn               h - ring of positive energy
MPRegen  0.2/turn               K - +1 ring of protection

@: lethally poisoned (0 -> -1), berserk cooldown, hasted and slowed, repel
missiles
A: fangs 3, regeneration 1, magic shield, antimagic bite, no potion heal 3, rot
immunity
a: Renounce Religion


You were on level 2 of the Lair of Beasts.
You worshipped Vehumet.
Vehumet was pleased with you.
You were very hungry.

You visited 3 branches of the dungeon, and saw 11 of its levels.

You collected 581 gold pieces.

Inventory:

Missiles
 a - 297 arrows
Armour
 k - a +2 pair of gloves (worn)
 p - a +2 pair of boots (worn)
 r - a scarf of repulsion (worn)
 y - the +1 helmet of Noughts and Crosses (worn) {rElec Int+6 Stlth-}
   (You found it on level 4 of the Dungeon)

   It affects your intelligence (+6).
   It insulates you from electricity.
   It makes you less stealthy.
 G - a +2 robe of magic resistance (worn)
 L - a +2 leather armour of magic resistance
Jewellery
 h - a ring of positive energy (left hand)
 C - an uncursed amulet of rage
 H - the amulet "Itzerouso" (around neck) {Spirit rPois Int+5 Stlth-}
   (You found it on level 7 of the Dungeon)

   [amulet of guardian spirit]

   It causes incoming damage to be split between your health and magic.
   It affects your intelligence (+5).
   It protects you from poison.
   It makes you less stealthy.
 K - a +1 ring of protection (right hand)
Wands
 u - a wand of lightning (9/15)
 B - a wand of flame (13/48)
Scrolls
 b - a scroll of random uselessness
 m - a scroll of magic mapping
 t - 2 scrolls of recharging
 w - 3 scrolls of remove curse
 z - 2 scrolls of amnesia {unknown}
 D - a scroll of vulnerability {unknown}
 E - 2 scrolls of immolation {unknown}
 J - a scroll of silence {unknown}
Potions
 e - a potion of flight
 f - a potion of agility
 s - 3 potions of heal wounds
 v - a potion of mutation {unknown}
 F - a potion of degeneration
Books
 c - a book of Changes

   Spells                             Type                      Level
   a - Beastly Appendage              Transmutation                1
   b - Sticks to Snakes               Transmutation                2
   c - Spider Form                    Transmutation/Poison         3
   d - Ice Form                       Ice/Transmutation            4
   e - Blade Hands                    Transmutation                5
Comestibles
 d - 4 bread rations
 l - 2 royal jellies
 A - 2 meat rations


   Skills:
 * Level 3.4 Fighting
 * Level 2.8 Armour
 * Level 3.3 Dodging
 * Level 9.5 Unarmed Combat
 * Level 2.5 Spellcasting
 * Level 0.4 Conjurations
 + Level 11.0 Transmutations


You had 2 spell levels left.
You knew the following spells:

 Your Spells              Type           Power        Failure   Level  Hunger
a - Blade Hands           Tmut           ######....   2%          5    ######.
b - Sticks to Snakes      Tmut           ######..     1%          2    ##.....
c - Magic Dart            Conj           #...         9%          1    None
d - Spider Form           Tmut/Pois      ####......   3%          3    ###....
z - Beastly Appendage     Tmut           ######       1%          1    None


Dungeon Overview and Level Annotations

Branches:
Dungeon (8/15)             Temple (1/1) D:6            Lair (2/6) D:8
  Swamp: Lair:2-4    Shoals: Lair:2-4     Snake: Lair:2-4    Spider: Lair:2-4

Altars:
Ashenzari
Dithmenos
Fedhas
Kikubaaqudgha
Makhleb
Nemelex Xobeh
Ru
Sif Muna
Trog
Uskayaw
Vehumet
Zin

Shops:
D:8 [


Innate Abilities, Weirdness & Mutations

You have razor-sharp teeth.
Your natural rate of healing is unusually fast.
When hurt, damage is shared between your health and your magic reserves.
Your bite disrupts and absorbs the magic of your enemies.
Potions cannot restore your health.
You are immune to rotting.


Message History

* * * LOW HITPOINT WARNING * * *
You feel sick.
You start resting.
There is a lethal amount of poison in your body!
There is a lethal amount of poison in your body!
You feel your anger subside.
* * * LOW HITPOINT WARNING * * *
You feel sick.
You are no longer berserk.
You are exhausted.
You feel yourself slow down.
* * * LOW HITPOINT WARNING * * *
You feel sick.
It was a potion of heal wounds.
That seemed strangely inert.
* * * LOW HITPOINT WARNING * * *
You feel sick.
It was a potion of degeneration.
There was something very wrong with that liquid.
You feel weakened.
You feel dopey.
You feel clumsy.
You die...

............#.#
............#..
.....[.....#...
..........#....
.........>.....
#..............
#......†.<....
#...@.......
#P..†......#
#P.......###
..........#
............#
........>..P#
.........####
........##


There were no monsters in sight!

Vanquished Creatures
  Pikel (D:6)
  Joseph (D:8)
  A black mamba (Lair:2)
  The ghost of MTVSty1e the Ruffian, an amateur DrTm (D:5)
  Grinder (D:3)
  Prince Ribbit (D:6)
  Duvessa (D:6)
  A water moccasin (Lair:2)
  3 porcupines
  2 orc warriors
  An ice beast (D:8)
  A slave (D:6)
  2 black bears (D:8)
  2 ogres
  2 phantoms (D:6)
  A sky beast (D:7)
  2 centaurs (D:5)
  3 bullfrogs
  Dowan (D:6)
  A scorpion (D:6)
  8 killer bees
  An electric eel (Lair:1)
  A howler monkey (D:6)
  A crimson imp (D:8)
  2 jellies
  4 orc priests
  3 hounds
  3 orc wizards
  3 centaur skeletons
  An iguana (D:6)
  Ijyb (D:3)
  10 worker ants
  A hound zombie (D:7)
  2 hound skeletons (D:4)
  7 gnolls
  7 adders
  2 shadow imps
  An adder skeleton (D:4)
  3 worms
  2 dart slugs (D:1)
  A leopard gecko (D:3)
  33 orcs
  5 bats
  5 giant cockroaches
  8 goblins
  8 hobgoblins
  5 jackals (D:6)
  13 kobolds
  3 quokkas
  2 ball pythons
  5 frilled lizards
  A jackal skeleton (D:4)
  2 quokka skeletons (D:7)
  5 rats
188 creatures vanquished.

Vanquished Creatures (collateral kills)
  The ghost of MTVSty1e the Ruffian, a novice DrTm of Gozag (D:8)
1 creature vanquished.

Vanquished Creatures (others)
  A centaur (D:7)
  A leopard gecko (D:7)
2 creatures vanquished.

Grand Total: 191 creatures vanquished

Notes
Turn   | Place    | Note
-------+----------+-------------------------------------------
     0 | D:1      | stringdemon the Vine Stalker Transmuter began the quest for the Orb.
     0 | D:1      | Reached XP level 1. HP: 9/9 MP: 4/4
    40 | D:1      | Reached XP level 2. HP: 14/14 MP: 6/6
   491 | D:1      | Reached XP level 3. HP: 15/17 MP: 5/7
  1539 | D:1      | Learned a level 3 spell: Spider Form
  1544 | D:2      | Gained mutation: Your natural rate of healing is unusually fast. [Vine Stalker growth]
  1544 | D:2      | Reached XP level 4. HP: 21/21 MP: 4/8
  1547 | D:2      | Reached skill level 5 in Unarmed Combat
  1715 | D:2      | Reached skill level 3 in Transmutations
  1715 | D:2      | Reached XP level 5. HP: 22/25 MP: 4/9
  2259 | D:3      | Reached skill level 4 in Transmutations
  2308 | D:3      | Noticed Grinder
  2403 | D:3      | Killed Grinder
  2403 | D:3      | Reached skill level 5 in Transmutations
  2403 | D:3      | Reached XP level 6. HP: 27/29 MP: 5/10
  2425 | D:3      | Learned a level 5 spell: Blade Hands
  2522 | D:3      | Reached skill level 6 in Transmutations
  2528 | D:3      | Noticed Ijyb
  2528 | D:3      | Reached XP level 7. HP: 32/32 MP: 3/11
  2632 | D:3      | Paralysed by Ijyb for 5 turns
  2637 | D:3      | Killed Ijyb
  3292 | D:4      | Got a transparent helmet
  3298 | D:4      | Identified the +1 helmet of Noughts and Crosses {rElec Int+6 Stlth-} (You found it on level 4 of the Dungeon)
  3342 | D:4      | Reached skill level 7 in Transmutations
  3948 | D:4      | Reached skill level 8 in Transmutations
  3948 | D:4      | Gained mutation: You have razor-sharp teeth. [Vine Stalker growth]
  3948 | D:4      | Reached XP level 8. HP: 36/37 MP: 5/12
  4001 | D:4      | Learned a level 2 spell: Sticks to Snakes
  4132 | D:5      | Entered Level 5 of the Dungeon
  4139 | D:5      | Noticed MTVSty1e's ghost (amateur DrTm)
  4147 | D:5      | Killed MTVSty1e's ghost
  4175 | D:5      | Reached skill level 9 in Transmutations
  4707 | D:6      | Found a staircase to the Ecumenical Temple.
  4718 | Temple   | Entered the Ecumenical Temple
  4739 | Temple   | Became a worshipper of Vehumet
  4813 | D:6      | Reached skill level 10 in Transmutations
  4892 | D:6      | Reached XP level 9. HP: 35/40 MP: 1/13
  4951 | D:6      | Noticed Dowan
  4952 | D:6      | Noticed Duvessa
  4956 | D:6      | Killed Duvessa
  4961 | D:6      | Killed Dowan
  4961 | D:6      | Reached skill level 11 in Transmutations
  5062 | D:6      | Reached skill level 1 in Fighting
  5109 | D:6      | Noticed Prince Ribbit
  5120 | D:6      | Killed Prince Ribbit
  5220 | D:6      | Found a shadowy altar of Dithmenos.
  5313 | D:7      | Noticed Pikel
  5330 | D:6      | Reached skill level 1 in Armour
  5363 | D:6      | Killed Pikel
  5619 | D:7      | Reached * piety under Vehumet
  5619 | D:7      | Offered knowledge of Sting by Vehumet.
  6019 | D:7      | Got a fine emerald amulet
  6065 | D:7      | Identified the amulet "Itzerouso" {Spirit rPois Int+5 Stlth-} (You found it on level 7 of the Dungeon)
  6638 | D:8      | Reached XP level 10. HP: 43/47 MP: 12/14
  6661 | D:8      | Noticed MTVSty1e's ghost (novice DrTm)
  6668 | D:8      | Killed MTVSty1e's ghost
  6823 | D:8      | Found Riubum's Armour Emporium.
  6979 | D:8      | Noticed Joseph
  6988 | D:8      | Killed Joseph
  7039 | D:8      | Found a staircase to the Lair.
  7132 | D:8      | Noticed a two-headed ogre
  7216 | Lair:1   | Entered Level 1 of the Lair of Beasts
  7242 | Lair:1   | Reached ** piety under Vehumet
  7242 | Lair:1   | Offered knowledge of Magic Dart by Vehumet.
  7262 | Lair:1   | Learned a level 1 spell: Magic Dart
  7274 | Lair:1   | Noticed a black mamba
  7378 | Lair:1   | Noticed a five-headed hydra
  7500 | Lair:2   | Killed a black mamba
  7507 | Lair:2   | HP: 3/73 [poisoned by a black mamba]
  7511 | Lair:2   | HP: 1/49 [poisoned by a black mamba]
  7513 | Lair:2   | Succumbed to a black mamba's poison

Skill      XL: |  1  2  3  4  5  6  7  8  9 10 |
---------------+-------------------------------+-----
Unarmed Combat | 4 5 7 9 |  9.5
Transmutations | 3 5 6 8 10 11 | 11.0
Fighting       | 2 3 |  3.4
Dodging        | 2 3 |  3.3
Armour         | 2 |  2.8
Spellcasting   | |  2.5
Conjurations   | |  0.4

Action                   |  1- 3 |  4- 6 |  7- 9 | 10-12 || total
-------------------------+-------+-------+-------+-------++-------
Melee: Unarmed           |    90 |   124 |   306 |    75 ||   595
       Bite              |    18 |    18 |    61 |    16 ||   113
       Kick              |    11 |     6 |     3 |       ||    20
       Headbutt          |     4 |    12 |     6 |       ||    22
       Punch             |     2 |     3 |     3 |     3 ||    11
 Cast: Beastly Appendage |    20 |    17 |    11 |       ||    48
       Spider Form       |     1 |     5 |     4 |       ||    10
       Blade Hands       |       |       |    21 |     9 ||    30
       Sticks to Snakes  |       |       |       |     3 ||     3
  Use: Scroll            |     2 |       |     7 |    10 ||    19
       Potion            |       |       |       |     7 ||     7
  Eat: Royal jelly       |     1 |       |       |       ||     1
       Meat ration       |       |     1 |     2 |       ||     3
       Chunk             |       |       |    15 |     3 ||    18
Armor: Robe              |    27 |    13 |    64 |    30 ||   134
       Skin              |       |     1 |     1 |       ||     2
Dodge: Dodged            |    71 |    67 |   203 |    76 ||   417
       Deflected         |       |     3 |     5 |     1 ||     9
